 Dungeon Crawl Stone Soup version 0.28.0-49-g6dfe1f597d (webtiles) character file.

Game seed: 11375108228129566119

98997 Exodus22XD the Impassioned (level 15, -9/115 HPs)
             Began as a Demonspawn Gladiator on May 15, 2022.
             Was a Follower of Uskayaw.
             Mangled by a spark wasp (14 damage)
             ... on level 1 of the Depths.
             The game lasted 00:53:58 (25112 turns).

Exodus22XD the Impassioned (Demonspawn Gladiator)  Turns: 25112, Time: 00:54:00

Health: -9/115     AC: 26    Str: 22    XL:     15   Next: 76%
Magic:  36/36      EV:  8    Int: 11    God:    Uskayaw [*.....]
Gold:   1905       SH: 20    Dex: 16    Spells: 14/14 levels left

rFire   + . .      SeeInvis +   b - +11 spear of Opeluig {vorpal, Str-3 Int+2 Dex+3}
rCold   . . .      Faith    .   k - +0 kite shield
rNeg    . . .      Spirit   .   Y - +8 plate armour "Otiocsism" {rF+ Str+4 Dex-3 Stlth+}
rPois   .          Reflect  .   a - +2 hat
rElec   .          Harm     .   S - scarf {repulsion}
rCorr   .          Rampage  .   (gloves unavailable)
Will    +....                   C - +1 pair of boots
Stlth   ++........              o - amulet of the acrobat
HPRegen 0.29/turn               x - ring of see invisible
MPRegen 0.25/turn               M - ring "Seakk" {MP+9 Slay+3}

@: repel missiles
A: large bone plates 3, powered by death 2, demonic touch 3
a: Renounce Religion, Stomp


You were on level 1 of the Depths.
You worshipped Uskayaw.
Uskayaw was most pleased with you.
You visited 5 branches of the dungeon, and saw 25 of its levels.
You also visited: Sewer, Ossuary and Gauntlet.

You collected 2339 gold pieces.
You spent 434 gold pieces at shops.

Inventory:

Hand Weapons
 b - the +11 spear of Opeluig (weapon) {vorpal, Str-3 Int+2 Dex+3}
   (You found it on level 5 of the Dungeon)

   It inflicts extra damage upon your enemies.
   Str:       It affects your strength (-3).
   Int:       It affects your intelligence (+2).
   Dex:       It affects your dexterity (+3).
 u - a +2 war axe of freezing
 N - a +4 trident
 T - a +2 vampiric glaive
Armour
 a - a +2 hat (worn)
 k - a +0 kite shield (worn)
 C - a +1 pair of boots (worn)
 K - the +1 tower shield "Woast" {rN+ Stlth+}
   (You found it on level 14 of the Dungeon)

   rN:        It protects you from negative energy.
   Stlth:     It makes you more stealthy.
 S - a scarf of repulsion (worn)
 Y - the +8 plate armour "Otiocsism" (worn) {rF+ Str+4 Dex-3 Stlth+}
   (You found it on level 6 of the Lair of Beasts)

   Str:       It affects your strength (+4).
   Dex:       It affects your dexterity (-3).
   rF:        It protects you from fire.
   Stlth:     It makes you more stealthy.
Jewellery
 h - a ring of fire
 o - an amulet of the acrobat (around neck)
 x - a ring of see invisible (left hand)
 M - the ring "Seakk" (right hand) {MP+9 Slay+3}
   (You acquired it on level 10 of the Dungeon)

   [ring of magical power]

   Slay:      It affects your accuracy & damage with ranged weapons and melee
   (+3).
   MP:        It affects your magic capacity (+9).
 O - a ring of positive energy
 P - a +4 ring of protection
 Q - the ring of Icyd {+Blink Will+ rCorr Int-2}
   (You found it in a Gauntlet)

   [ring of resist corrosion]

   Int:       It affects your intelligence (-2).
   +Blink:    It lets you blink.
   rCorr:     It protects you from acid and corrosion.
   Will:      It increases your willpower.
Wands
 e - a wand of digging (2)
 q - a wand of paralysis (28)
 D - a wand of iceblast (6)
 U - a wand of acid (20)
 X - a wand of mindburst (16)
Scrolls
 c - 3 scrolls of silence
 f - 10 scrolls of teleportation
 l - 3 scrolls of blinking
 m - 6 scrolls of immolation
 p - 8 scrolls of fear
 t - 3 scrolls of enchant weapon
 w - a scroll of enchant armour
 y - 6 scrolls of vulnerability
 B - 4 scrolls of fog
 E - 4 scrolls of magic mapping
 I - 2 scrolls of summoning
 L - 3 scrolls of torment
 R - 2 scrolls of brand weapon
Potions
 d - 3 potions of ambrosia
 i - 2 potions of might
 j - 5 potions of haste
 n - 10 potions of curing
 s - 3 potions of heal wounds
 v - 2 potions of berserk rage
 z - 3 potions of resistance
 A - 7 potions of mutation
 F - 3 potions of cancellation
 G - 3 potions of lignification
 H - 4 potions of magic
 J - 2 potions of invisibility
 W - 4 potions of flight
Miscellaneous
 Z - a phial of floods


   Skills:
 + Level 9.8 Fighting
 + Level 12.7 Polearms
 + Level 1.9 Throwing
 + Level 8.3 Armour
 + Level 5.3 Dodging
 + Level 13.4 Stealth
 + Level 10.0 Shields
 * Level 16.8 Invocations


You had 14 spell levels left.
You didn't know any spells.
Your spell library contained the following spells:

 Spells                   Type           Power      Damage    Failure   Level
 Animate Skeleton         Necr           0%         N/A       100%        1
 Beastly Appendage        Tmut           0%         N/A       100%        1
 Magic Dart               Conj           0%         1d3       100%        1
 Pain                     Necr           0%         1d4       100%        1
 Sandblast                Erth           0%         2d4       100%        1
 Shock                    Conj/Air       0%         1d3       100%        1
 Call Imp                 Summ           0%         N/A       100%        2
 Ensorcelled Hibernation  Hex/Ice        0%         N/A       100%        2
 Passwall                 Tmut/Erth      0%         N/A       100%        2
 Sublimation of Blood     Necr           0%         N/A       100%        2
 Wereblood                Tmut           0%         N/A       100%        2
 Confusing Touch          Hex            0%         N/A       100%        3
 Mephitic Cloud           Conj/Pois/Air  0%         N/A       100%        3
 Spider Form              Tmut/Pois      0%         N/A       100%        3
 Stone Arrow              Conj/Erth      0%         3d7       100%        3
 Swiftness                Air            0%         N/A       100%        3
 Tukima's Dance           Hex            0%         N/A       100%        3
 Vampiric Draining        Necr           0%         2d6       100%        3
 Airstrike                Air            0%         N/A       100%        4
 Anguish                  Hex/Necr       0%         N/A       100%        4
 Petrify                  Tmut/Erth      0%         N/A       100%        4
 Summon Lightning Spire   Summ/Air       0%         N/A       100%        4
 Irradiate                Conj/Tmut      0%         3d13      100%        5
 Yara's Violent Unravell  Hex/Tmut       0%         3d3       100%        5
 Enfeeble                 Hex            0%         N/A       100%        7
 Storm Form               Tmut/Air       0%         N/A       100%        7
 Maxwell's Capacitive Co  Air            0%         ∞         100%        8


Dungeon Overview and Level Annotations

Branches:
Dungeon (15/15)            Temple (1/1) D:4            Lair (6/6) D:10
  Swamp (0/4) Lair:4       Spider (0/4) Lair:2        Slime (0/5) Lair:6
    Orc (2/2) D:9             Elf (0/3) Orc:2        Vaults (0/5) D:14
 Depths (1/4) D:15          Sewer (visited)         Ossuary (visited)
Gauntlet (visited)

Altars:
Ashenzari
Elyvilon
Fedhas
Gozag
Kikubaaqudgha
Makhleb
Nemelex Xobeh
Trog
Uskayaw
Vehumet
Wu Jian
Beogh
Jiyva

Shops:
D:13 [   Orc:1 *   Orc:2 *=[*(

Annotations:
D:6 1 runed translucent door, Crazy Yiuf
D:11 2 transporters


Innate Abilities, Weirdness & Mutations

You are completely covered in large bone plates. (SH +8)
You regenerate health from kills.
Your touch may irresistibly damage your foes and sap their willpower.


Message History

You see here a +0 plate armour.
You can't go down here!
There is a staircase to the Depths here.
You climb downwards.
Welcome to the Depths!
Found a potion of ambrosia and a scroll of identify.
Found a stone staircase leading down.
There is a staircase back to the Dungeon here.
d - 3 potions of ambrosia (gained 1) 2 spark wasps come into view.
The spark wasp buzzes angrily.
You hear an angry buzzing noise. x2
You hear two shouts!
A spark wasp and an ettin come into view.
The spark wasp buzzes angrily.
The spark wasp bursts into living lightning!
The living lightning hits you.
The spark wasp blinks!
A spark wasp comes into view.
A salamander comes into view. It is wielding a +0 spear.
You hear a shout!
Unknown command.
The spark wasp bursts into living lightning!
The living lightning hits you!
The spark wasp blinks!
You block the spark wasp's attack. x2
The spark wasp stings you!! The spark wasp shocks you!
The spark wasp stings you! The spark wasp shocks you!
You block the spark wasp's attack.
The spark wasp bursts into living lightning!
The living lightning hits the spark wasp.
The spark wasp completely resists.
The living lightning hits the spark wasp.
The spark wasp completely resists.
The living lightning hits you!
The spark wasp blinks!
There is a staircase back to the Dungeon here.
The spark wasp stings you.
* * * LOW HITPOINT WARNING * * *
The spark wasp shocks you!
* * * LOW HITPOINT WARNING * * *
You block the spark wasp's attack. The spark wasp stings you!
* * * LOW HITPOINT WARNING * * *
The spark wasp shocks you!
You die...

#.N. #... ####.y.##
........# ........#
........#
.....C..###### ####
..........y..#.....
..........y@.......
..........y..y.....
...................
...................
...................
.........>.........
......?............
##................
.###############


You could see an ettin and 4 spark wasps.

Vanquished Creatures
  2 rockslimes (Lair:6)
  A very ugly thing (D:15)
  A quicksilver ooze (Gauntlet)
  Azrael (D:14)
  Nessos (D:12)
  A minotaur (Gauntlet)
  2 fire dragons
  3 great orbs of eyes
  12 hydras
  A vault guard (D:14)
  A rakshasa (D:15)
  4 boulder beetles
  A death knight (D:15)
  Erica (D:10)
  7 centaur warriors
  2 two-headed ogres
  4 death yaks (Lair:6)
  A tengu warrior (D:15)
  Urug (D:11)
  A skeletal warrior (D:15)
  A swamp dragon (shapeshifter) (D:15)
  An orc knight (Orc:1)
  2 deep elf pyromancers
  13 ugly things
  6 orc sorcerers
  2 manticores
  3 cyclopes
  13 elephants
  7 black mambas
  3 unseen horrors
  8 cane toads
  Maggie (D:8)
  8 komodo dragons
  A kobold demonologist (D:12)
  A minotaur zombie (Gauntlet)
  4 tengu conjurers
  2 rime drakes (Lair:5)
  5 freezing wraiths
  2 ice devils (Lair:6)
  A troll (shapeshifter) (D:15)
  6 trolls
  3 meliai (D:13)
  6 polar bears
  21 dream sheep
  5 hornets
  4 blink frogs (Lair:6)
  2 slime creatures (D:15)
  10 flying skulls (Gauntlet)
  15 spriggans
  36 yaks
  7 basilisks
  A fire elemental (D:14)
  3 wraiths
  4 wyverns
  10 humans (D:14)
  3 steam dragons
  Eustachio (D:5)
  12 vampire mosquitoes
  9 wargs
  4 hell hounds (D:14)
  An acid dragon (D:12)
  17 water moccasins
  17 orc warriors
  2 ice beasts
  A sky beast (D:7)
  10 black bears
  7 ogres
  21 wolves
  4 boggarts (Lair:6)
  15 centaurs
  A phantom (D:4)
  3 kobold brigands
  2 gnoll sergeants
  A wyvern zombie (D:6)
  11 bullfrogs
  4 killer bees (D:9)
  5 wights (D:7)
  4 howler monkeys
  An electric eel (D:14)
  A crimson imp (D:4)
  3 human zombies (Ossuary)
  11 jellies
  3 centaur zombies
  A hound (D:5)
  21 orc priests
  2 centaur skeletons
  4 gnoll shamans
  Natasha (D:4)
  43 orc wizards
  2 iguanas
  A hound zombie (Ossuary)
  4 mummies (Ossuary)
  25 gnolls
  7 adders
  A river rat (D:3)
  4 white imps
  3 ufetubi
  A dart slug (D:1)
  A worm (D:3)
  93 orcs
  6 bats
  17 endoplasms
  4 giant cockroaches
  5 goblins
  5 hobgoblins
  12 jackals
  20 kobolds
  A quokka (D:4)
  5 ball pythons
  2 frilled lizards (D:1)
  A gnoll zombie (Ossuary)
  A goblin zombie (Ossuary)
  A hobgoblin zombie (Ossuary)
  A jackal zombie (Ossuary)
  A kobold zombie (Ossuary)
  2 orc zombies (Ossuary)
  5 rats
  A rat zombie (Ossuary)
743 creatures vanquished.

Vanquished Creatures (collateral kills)
  3 rockslimes (Lair:6)
  A basilisk (Lair:6)
4 creatures vanquished.

Vanquished Creatures (others)
  A human (D:14)
  An orc wizard (Orc:2)
  An orc (Orc:2)
  A goblin (D:9)
  21 fungi
  24 plants
49 creatures vanquished.

Grand Total: 796 creatures vanquished

Notes
Turn   | Place    | Note
-------+----------+-------------------------------------------
     0 | D:1      | Exodus22XD the Demonspawn Gladiator began the quest for the
                  | Orb.
     0 | D:1      | Reached XP level 1. HP: 16/16 MP: 1/1
   136 | D:1      | Gained mutation: You are partially covered in large bone
                  | plates. (SH +4) [demonic ancestry]
   136 | D:1      | Reached XP level 2. HP: 20/22 MP: 2/2
   415 | D:1      | Found a faded altar of an unknown god.
  1010 | D:1      | Gained mutation: You regenerate a little health from kills.
                  | [demonic ancestry]
  1010 | D:1      | Reached XP level 3. HP: 27/27 MP: 3/3
  1977 | D:2      | Reached XP level 4. HP: 34/34 MP: 4/4
  2033 | D:2      | Found a broken altar of Ashenzari.
  2376 | D:3      | Found a glowing drain.
  2380 | Sewer    | Entered a sewer
  2437 | Sewer    | Reached skill level 1 in Armour
  2486 | Sewer    | Noticed a water moccasin
  2503 | Sewer    | Killed a water moccasin
  2504 | Sewer    | Reached skill level 1 in Stealth
  2504 | Sewer    | Reached skill level 1 in Shields
  2504 | Sewer    | Reached XP level 5. HP: 25/39 MP: 5/5
  2615 | Sewer    | Got Sif Muna's Tome of Lightness and Attacks
  2687 | D:3      | Found an opulent altar of Gozag.
  3190 | D:4      | Found an ornate altar of the Wu Jian Council.
  3695 | D:4      | Gained mutation: You are mostly covered in large bone
                  | plates. (SH +6) [demonic ancestry]
  3695 | D:4      | Reached XP level 6. HP: 29/46 MP: 6/6
  3856 | D:4      | HP: 2/46 [orc/+0 whip (1)]
  4153 | D:4      | Found a staircase to the Ecumenical Temple.
  4169 | Temple   | Entered the Ecumenical Temple
  4181 | Temple   | Became a worshipper of Uskayaw the Reveller
  4238 | D:4      | Reached * piety under Uskayaw
  4266 | D:4      | Reached ** piety under Uskayaw
  4306 | D:4      | Reached skill level 1 in Invocations
  4565 | D:4      | Noticed Natasha
  4575 | D:4      | Killed Natasha
  4800 | D:5      | Entered Level 5 of the Dungeon
  4802 | D:5      | Noticed Eustachio
  4814 | D:5      | Killed Eustachio
  4815 | D:5      | Reached skill level 5 in Polearms
  4815 | D:5      | Reached skill level 2 in Invocations
  4815 | D:5      | Reached XP level 7. HP: 49/52 MP: 8/8
  4880 | D:5      | Found a sand-covered staircase.
  4888 | Ossuary  | Entered an ossuary
  4927 | Ossuary  | Reached *** piety under Uskayaw
  5427 | D:5      | Reached skill level 3 in Invocations
  5929 | D:6      | Reached XP level 8. HP: 7/58 MP: 6/10
  6256 | D:5      | Identified the +11 spear of Opeluig {vorpal, Str-3 Int+2
                  | Dex+3}
  6548 | D:6      | Reached skill level 4 in Invocations
  6585 | D:6      | Found a runed translucent door.
  6586 | D:6      | Noticed Crazy Yiuf
  6666 | D:6      | Reached **** piety under Uskayaw
  6701 | D:6      | Found an ancient bone altar of Kikubaaqudgha.
  6872 | D:6      | Found the +18 Lear's hauberk
  7085 | D:6      | Reached skill level 5 in Invocations
  7270 | D:6      | Gained mutation: You are completely covered in large bone
                  | plates. (SH +8) [demonic ancestry]
  7270 | D:6      | Reached XP level 9. HP: 57/65 MP: 11/13
  7612 | D:7      | Reached ***** piety under Uskayaw
  7740 | D:7      | Reached skill level 6 in Invocations
  8256 | D:7      | Found a sparkling altar of Nemelex Xobeh.
  8317 | D:8      | Reached ****** piety under Uskayaw
  8319 | D:8      | Reached skill level 5 in Stealth
  8343 | D:8      | Reached skill level 7 in Invocations
  8437 | D:8      | Gained mutation: You regenerate health from kills. [demonic
                  | ancestry]
  8437 | D:8      | Reached XP level 10. HP: 73/73 MP: 15/15
  8559 | D:8      | Reached skill level 5 in Fighting
  8718 | D:8      | Noticed Maggie
  8733 | D:8      | Killed Maggie
  9205 | D:9      | Found a blossoming altar of Fedhas.
  9264 | D:9      | Found a staircase to the Orcish Mines.
  9317 | D:9      | Reached skill level 8 in Invocations
  9495 | D:9      | Reached skill level 5 in Shields
  9857 | D:10     | Entered Level 10 of the Dungeon
  9857 | D:10     | Noticed an elephant
  9857 | D:10     | Found a staircase to the Lair.
  9889 | D:10     | Killed an elephant
  9890 | D:10     | Reached skill level 9 in Invocations
 10006 | D:10     | Noticed Erica
 10012 | D:10     | Gained mutation: Your touch may inflict minor irresistible
                  | damage on your foes. [demonic ancestry]
 10012 | D:10     | Reached XP level 11. HP: 76/81 MP: 17/17
 10030 | D:10     | Killed Erica
 10083 | D:10     | Found a bloodstained altar of Trog.
 10132 | D:10     | Reached skill level 10 in Invocations
 10399 | D:10     | Identified a scroll of acquirement
 10400 | D:10     | Acquired the ring "Seakk" {MP+9 Slay+3}
 10471 | Lair:1   | Entered Level 1 of the Lair of Beasts
 10508 | Lair:1   | Reached skill level 11 in Invocations
 10568 | Lair:1   | Found a gate leading to a gauntlet.
 10578 | Gauntlet | Entered a Gauntlet
 10578 | Gauntlet | Noticed a quicksilver ooze
 10578 | Gauntlet | Found a transporter.
 10578 | Gauntlet | Found a transporter.
 10578 | Gauntlet | Found a transporter.
 10582 | Gauntlet | Found a transporter.
 10597 | Gauntlet | Found a transporter.
 10598 | Gauntlet | Found a transporter.
 10605 | Gauntlet | Found a transporter.
 10613 | Gauntlet | Found a transporter.
 10631 | Gauntlet | Found a transporter.
 10639 | Gauntlet | Found a transporter.
 10657 | Gauntlet | Found a transporter.
 10737 | Gauntlet | Found a transporter.
 10794 | Gauntlet | Killed a quicksilver ooze
 10799 | Gauntlet | Identified the +2 pair of gloves of Kitag {rC+ rN+ Str-2}
 10826 | Gauntlet | Reached skill level 5 in Armour
 10830 | Gauntlet | Identified the ring of Icyd {+Blink Will+ rCorr Int-2}
 10847 | Gauntlet | Identified the +6 scale mail of Wu Jian's Generosity {+Inv
                  | Dex+4}
 10847 | Gauntlet | Noticed a minotaur
 10862 | Gauntlet | Killed a minotaur
 11285 | Lair:1   | Gained mutation: Your touch may inflict irresistible damage
                  | on your foes. [demonic ancestry]
 11285 | Lair:1   | Reached XP level 12. HP: 89/89 MP: 20/20
 11287 | Lair:1   | Reached skill level 10 in Polearms
 11313 | Lair:1   | Noticed a six-headed hydra
 11321 | Lair:1   | Killed a six-headed hydra
 12140 | Lair:2   | Reached skill level 12 in Invocations
 12676 | Lair:2   | Noticed a four-headed hydra
 12684 | Lair:2   | Killed a four-headed hydra
 12767 | Lair:2   | Found a hole to the Spider Nest.
 14316 | Lair:4   | Identified the +0 morningstar of Sin {freeze, *Noise rElec
                  | rPois Str+4}
 14337 | Lair:4   | Noticed a six-headed hydra
 14346 | Lair:4   | Killed a six-headed hydra
 14395 | Lair:4   | Noticed a four-headed hydra
 14407 | Lair:4   | Killed a four-headed hydra
 14533 | Lair:4   | Reached skill level 13 in Invocations
 14563 | Lair:4   | Found a staircase to the Swamp.
 14597 | Lair:4   | Gained mutation: Your touch may irresistibly damage your
                  | foes and sap their willpower. [demonic ancestry]
 14597 | Lair:4   | Reached XP level 13. HP: 98/98 MP: 22/22
 15720 | Lair:5   | Reached skill level 5 in Dodging
 16031 | Lair:5   | Reached skill level 10 in Stealth
 16208 | Lair:5   | Reached skill level 14 in Invocations
 16565 | Lair:6   | Entered Level 6 of the Lair of Beasts
 16589 | Lair:6   | Identified the +8 plate armour "Otiocsism" {rF+ Str+4 Dex-3
                  | Stlth+}
 16751 | Lair:6   | Noticed a rockslime
 16752 | Lair:6   | Noticed a rockslime
 16771 | Lair:6   | Noticed a rockslime
 16778 | Lair:6   | Killed a rockslime
 16783 | Lair:6   | Killed a rockslime
 16786 | Lair:6   | Killed a rockslime
 16795 | Lair:6   | Paralysed by a great orb of eyes for 7 turns
 16803 | Lair:6   | Noticed a rockslime
 16843 | Lair:6   | Killed a rockslime
 16849 | Lair:6   | Paralysed by a great orb of eyes for 6 turns
 16859 | Lair:6   | Paralysed by a great orb of eyes for 4 turns
 17042 | Lair:6   | Found a viscous altar of Jiyva.
 17042 | Lair:6   | Found a staircase to the Slime Pits.
 17099 | Lair:6   | Reached XP level 14. HP: 105/106 MP: 24/24
 17652 | Lair:6   | Reached skill level 15 in Invocations
 17747 | Lair:6   | Noticed a rockslime
 17766 | Lair:6   | Killed a rockslime
 18467 | Orc:1    | Entered Level 1 of the Orcish Mines
 18559 | Orc:1    | Found Kyshahea's General Store.
 18597 | Orc:1    | Bought a scroll of summoning for 133 gold pieces
 18597 | Orc:1    | Bought a scroll of enchant weapon for 105 gold pieces
 18597 | Orc:1    | Bought a potion of might for 56 gold pieces
 18856 | Orc:2    | Entered Level 2 of the Orcish Mines
 18870 | Orc:2    | Found Beudded's Weapon Emporium.
 19137 | Orc:2    | Found Ciuri's General Store.
 19149 | Orc:2    | Found Fusojej's Jewellery Shop.
 19185 | Orc:2    | Found Egufing's General Store.
 19206 | Orc:2    | Found Leotac's Armour Emporium.
 19342 | Orc:2    | Found a staircase to the Elven Halls.
 19894 | Orc:2    | Bought a scroll of enchant weapon for 112 gold pieces
 19938 | Orc:2    | Bought a scroll of identify for 28 gold pieces
 20693 | D:11     | Found a transporter.
 20719 | D:11     | Noticed Urug
 20732 | D:11     | Killed Urug
 20846 | D:11     | Found a transporter.
 21672 | D:12     | Noticed Nessos
 21686 | D:12     | Killed Nessos
 22030 | D:13     | Found Cysaereq's Antique Armour Emporium.
 22407 | D:13     | Reached XP level 15. HP: 113/113 MP: 26/26
 23174 | D:14     | Noticed Azrael
 23175 | D:14     | Reached skill level 16 in Invocations
 23191 | D:14     | Killed Azrael
 23357 | D:14     | Found a gate to the Vaults.
 23374 | D:14     | Identified the +1 tower shield "Woast" {rN+ Stlth+}
 23725 | D:15     | Entered Level 15 of the Dungeon
 24391 | D:15     | Found a staircase to the Depths.
 24441 | D:15     | Reached skill level 10 in Shields
 25101 | Depths:1 | Entered Level 1 of the Depths
 25112 | Depths:1 | HP: 5/115 [spark wasp (15)]
 25112 | Depths:1 | Mangled by a spark wasp

Illustrated notes

Levels and vault maps discovered:
D:1:      scummos_arrival_star, layout_basic, chequers_ecumenical_altar_lobes,
          hangedman_feature_mirror, corner_web_ring, minmay_misc_feat_chi,
          corexii_leaking_fountain
D:2:      layout_loops_ring, basic_altar
D:3:      layout_loops_cross, grunt_gozag_statues, gup_sewer_entry_bowl
D:4:      layout_loops_ring, nzn_wu_jian_council_hall,
          minmay_temple_entry_statues_fountains, minmay_fire_ice_demons,
          uniq_natasha
D:5:      layout_loops_ring, lightli_ossuary_entry_decrepit_ruins,
          uniq_eustachio
D:6:      layout_basic, kiku_gazebo_pond_becter, minmay_misc_feat_pillars,
          uniq_crazy_yiuf_cottage
D:7:      layout_cave_pools, marbit_many_paths, grunt_decor_junction
D:8:      layout_gridville, the_hattery, uniq_maggie
D:9:      layout_roguey, fedhas_altar_3, erik_orc_4
D:10:     layout_rooms, trog_three_pillars_becter, david_lair_generic,
          uniq_erica
D:11:     gammafunk_cloud_chamber, layout_cave_pods, minmay_holes,
          fungi_pond_lemuel, uniq_urug
D:12:     layout_basic, nicolae_twisting_strands, uniq_nessos
D:13:     layout_small_grid, serial_shops, shop, chequers_serial_rivers_micro_c
D:14:     layout_loops_ring, ximxim_vaults_locker_room, nrook_pool_corridor,
          uniq_azrael
D:15:     gammafunk_enter_depths_forms, layout_basic, serial_glass,
          glass_columns_b, glass_columns_b, glass_columns_c, glass_columns_a,
          glass_columns_c, glass_columns_b, minmay_misc_feat_doors
Temple:   compressed_dpeg_circular_temple
Lair:1:   layout_roguey, gauntlet_entry_generic, grunt_forest_small_clearings,
          infiniplex_staircase_pool_2, grunt_megastairs_1
Lair:2:   layout_layer_cave, dummy_spider_entry
Lair:3:   layout_cave_pods
Lair:4:   layout_roguey, minmay_swamp_entry_swarm, grunt_megastairs_2
Lair:5:   nzn_winding_woodlands_three_and_one
          [nzn_winding_woodlands_5x15_lazy_stream,
          nzn_winding_woodlands_5x15_longhouse,
          nzn_winding_woodlands_5x15_crooked,
          nzn_winding_woodlands_center_triple_pond], layout_regular_city,
          serial_bayou_shore_b
Lair:6:   minmay_lair_end_enchanted_forest, layout_layer_cave, slime_altar_1,
          portal_ice_cave_demonic_guard, special_room [special_room_jelly]
Orc:1:    layout_diamond_mine, serial_shops, shop, mines2_david
Orc:2:    st_orc_town, layout_caves, serial_shops, nicolae_shop_trees
Depths:1: layout_forbidden_donut, grunt_pan_entry_zigzag, abyss_entry,
          skrybe_limestone_x, nicolae_hell_entry_hellmouth_sunbeams,
          kennysheep_cross_room, lightli_gold_pyramid, uniq_enchantress,
          uniq_mara, uniq_sojobo

Skill      XL: |  1  2  3  4  5  6  7  8  9 10 11 12 13 14 15 |
---------------+----------------------------------------------+-----
Dodging        | 3 4 5 |  5.3
Polearms       | 3 4 5 6 8 9 11 12 | 12.7
Armour         | 1 2 3 4 5 6 7 8 |  8.3
Stealth        | 1 2 4 5 6 7 9 10 12 13 | 13.4
Shields        | 1 2 3 4 5 6 7 8 9 10 | 10.0
Fighting       | 3 4 5 6 7 8 9 |  9.8
Invocations    | 2 3 5 7 9 11 13 14 15 16 | 16.8
Throwing       | |  1.9

Action                   |  1- 3 |  4- 6 |  7- 9 | 10-12 | 13-15 || total
-------------------------+-------+-------+-------+-------+-------++-------
Melee: Trident           |   147 |   196 |   175 |       |       ||   518
       Spear             |       |       |   204 |   631 |  1401 ||  2236
Invok: Line Pass         |       |       |     4 |     1 |     1 ||     6
       Stomp             |       |       |     2 |       |     2 ||     4
       Grand Finale      |       |       |       |     1 |       ||     1
Evoke: Wand              |       |       |     1 |       |       ||     1
  Use: Potion            |       |     1 |     1 |     3 |     3 ||     8
       Scroll            |       |       |       |    21 |    10 ||    31
 Stab: Sleeping          |     1 |     5 |     1 |       |    11 ||    18
       Paralysed         |       |       |    26 |    69 |   138 ||   233
       Confused          |       |       |     1 |     1 |     2 ||     4
       Distracted        |       |       |     1 |       |     2 ||     3
Armor: Leather armour    |    18 |       |       |       |       ||    18
       Ring mail         |    15 |    35 |   100 |       |       ||   150
       Chain mail        |       |       |    41 |   161 |       ||   202
       Scale mail        |       |       |       |       |    31 ||    31
       Plate armour      |       |       |       |       |   242 ||   242
       Skin              |       |       |       |       |     2 ||     2
Dodge: Dodged            |    71 |    75 |   165 |    85 |   176 ||   572
       Repelled          |       |       |       |     2 |     2 ||     4
Block: Other             |     4 |       |       |       |       ||     4
       Buckler           |    21 |    63 |   204 |   248 |   328 ||   864
       Kite shield       |       |       |       |       |   122 ||   122
